| TOP OF THE 1ST |
|
Ogden Raptors batting - Pitching for Johnson City Cardinals : RHP Rob Halley
|
|
Pitching: RHP Rob Halley
|
|
|
Batting: SHB Javy Franco
|
0-0: SINGLE (Groundball, 3, EV 96.9 MPH)
|
|
Batting: RHB Kekoa Kahele
|
0-0: Ball 1-0: Foul Ball, location: 2F 1-1: Foul Ball, location: 2F 1-2: Strikes out looking
|
|
Batting: RHB Juan Gallegos
|
0-0: Ball 1-0: Ball 2-0: Ball 3-0: Called Strike 3-1: Base on Balls Javy Franco to second
|
|
Batting: LHB Pedro Garza
|
0-0: Called Strike 0-1: Foul Ball, location: 2F 0-2: Ball 1-2: Fly out, F8 (Flyball, 8RM, EV 85.6 MPH)
|
|
Batting: RHB Felipe Rivera
|
0-0: Ball 1-0: Called Strike 1-1: Ball Wild Pitch! Javy Franco to third Juan Gallegos to second 2-1: Foul Ball, location: 2F 2-2: Ball 3-2: Foul Ball, location: 2F 3-2: Base on Balls
|
|
Batting: LHB Fernão Manta
|
0-0: Swinging Strike 0-1: Ball 1-1: Ball 2-1: Foul Ball, location: 2F 2-2: Ball 3-2: Foul Ball, location: 2F 3-2: Base on Balls Javy Franco scores Juan Gallegos to third Felipe Rivera to second
|
|
Batting: RHB Adam Maczko
|
0-0: Ball 1-0: Swinging Strike 1-1: Foul Ball, location: 2F 1-2: Foul Ball, location: 2F 1-2: Strikes out looking
|
| Top of the 1st over - 1 run, 1 hit, 0 errors, 3 left on base; Ogden 1 - Johnson City 0 |
| BOTTOM OF THE 1ST |
|
Johnson City Cardinals batting - Pitching for Ogden Raptors : LHP Antonio Sandoval
|
|
Pitching: LHP Antonio Sandoval
|
|
|
Batting: RHB Mario Carbajal
|
0-0: Ground out 6-3 (Groundball, 6, EV 85.0 MPH)
|
|
Batting: RHB Jonathan Winkler
|
0-0: Called Strike 0-1: Ground out 5-3 (Groundball, 56S, EV 84.4 MPH)
|
|
Batting: RHB Arnold Schuler
|
0-0: Ball 1-0: Swinging Strike 1-1: Foul Ball, location: 2F 1-2: Ground out 6-3 (Groundball, 6, EV 87.5 MPH)
|
| Bottom of the 1st over - 0 runs, 0 hits, 0 errors, 0 left on base; Ogden 1 - Johnson City 0 |
| TOP OF THE 2ND |
|
Ogden Raptors batting - Pitching for Johnson City Cardinals : RHP Rob Halley
|
|
Batting: RHB Brad Brady
|
0-0: Called Strike 0-1: Ball 1-1: SINGLE (Line Drive, 9S, EV 93.8 MPH)
|
|
Batting: RHB Gaylord Wray
|
0-0: Swinging Strike 0-1: Called Strike 0-2: Ball 1-2: Foul Ball, location: 2F 1-2: Grounds into double play, 5-4-3 (Groundball, 5, EV 103.8 MPH)
|
|
Batting: SHB Javy Franco
|
0-0: Called Strike 0-1: Called Strike 0-2: Foul Ball, location: 2F 0-2: Foul Ball, location: 2F 0-2: Ball 1-2: Foul Ball, location: 2F 1-2: Foul Ball, location: 2F 1-2: SINGLE (Line Drive, 89S, EV 96.9 MPH)
|
|
Batting: RHB Kekoa Kahele
|
0-0: Ball Javy Franco steals 2nd base 1-0: Fly out, F7 (Flyball, 7, EV 86.9 MPH)
|
| Top of the 2nd over - 0 runs, 2 hits, 0 errors, 1 left on base; Ogden 1 - Johnson City 0 |
| BOTTOM OF THE 2ND |
|
Johnson City Cardinals batting - Pitching for Ogden Raptors : LHP Antonio Sandoval
|
|
Batting: SHB J.T. Ready
|
0-0: Ground out 4-3 (Groundball, 4, EV 91.2 MPH)
|
|
Batting: LHB Pete Mitchell
|
0-0: Foul Ball, location: 2F 0-1: Foul Ball, location: 2F 0-2: Ball 1-2: Ball 2-2: Strikes out swinging
|
|
Batting: RHB Dan Wages
|
0-0: Called Strike 0-1: Ball 1-1: Swinging Strike 1-2: Foul Ball, location: 2F 1-2: Strikes out swinging
|
| Bottom of the 2nd over - 0 runs, 0 hits, 0 errors, 0 left on base; Ogden 1 - Johnson City 0 |
| TOP OF THE 3RD |
|
Ogden Raptors batting - Pitching for Johnson City Cardinals : RHP Rob Halley
|
|
Batting: RHB Juan Gallegos
|
0-0: Ball 1-0: Ground out 6-3 (Groundball, 6S, EV 85.6 MPH)
|
|
Batting: LHB Pedro Garza
|
0-0: Fly out, F8 (Line Drive, 8RM, EV 108.8 MPH)
|
|
Batting: RHB Felipe Rivera
|
0-0: Ball 1-0: Swinging Strike 1-1: DOUBLE (Line Drive, 9LD, EV 103.1 MPH)
|
|
Batting: LHB Fernão Manta
|
0-0: Called Strike 0-1: Swinging Strike 0-2: Foul Ball, location: 2F 0-2: Ground out 5-3 (Groundball, 5, EV 91.2 MPH)
|
| Top of the 3rd over - 0 runs, 1 hit, 0 errors, 1 left on base; Ogden 1 - Johnson City 0 |
| BOTTOM OF THE 3RD |
|
Johnson City Cardinals batting - Pitching for Ogden Raptors : LHP Antonio Sandoval
|
|
Batting: SHB Brad Meyer
|
0-0: Foul Ball, location: 2F 0-1: Ball 1-1: Called Strike 1-2: Strikes out swinging
|
|
Batting: LHB Rafael Banda
|
0-0: Ball 1-0: Ball 2-0: Foul Ball, location: 2F 2-1: SOLO HOME RUN (Flyball, 9LD, EV 101.2 MPH), Distance : 376 ft
|
|
Batting: SHB Felipe Campanella
|
0-0: Ground out 6-3 (Groundball, 6, EV 105.0 MPH)
|
|
Batting: RHB Mario Carbajal
|
0-0: Swinging Strike 0-1: Ball 1-1: Ball 2-1: Ground out 4-3 (Groundball, 4, EV 100.0 MPH)
|
| Bottom of the 3rd over - 1 run, 1 hit, 0 errors, 0 left on base; Ogden 1 - Johnson City 1 |
| TOP OF THE 4TH |
|
Ogden Raptors batting - Pitching for Johnson City Cardinals : RHP Rob Halley
|
|
Batting: RHB Adam Maczko
|
0-0: Foul Ball, location: 2F 0-1: Foul Ball, location: 2F 0-2: Ball 1-2: Ball 2-2: Foul Ball, location: 2F 2-2: Ball 3-2: Base on Balls
|
|
Batting: RHB Brad Brady
|
0-0: Called Strike 0-1: Ball 1-1: Ball 2-1: Ball 3-1: Called Strike 3-2: Base on Balls Adam Maczko to second
|
|
Batting: RHB Gaylord Wray
|
0-0: SINGLE (Groundball, 4MD, EV 98.8 MPH) Adam Maczko to third Brad Brady to second
|
|
Pitching: RHP Steve Holmes
|
|
|
Batting: SHB Javy Franco
|
0-0: Ball 1-0: Called Strike 1-1: Ball 2-1: Fielders Choice at 2nd, 3-6 (Groundball, 34, EV 90.0 MPH) Adam Maczko scores Brad Brady to third
|
|
Batting: RHB Kekoa Kahele
|
0-0: Ball 1-0: Ball Javy Franco steals 2nd base 2-0: Ground out 6-3 (Groundball, 6, EV 103.8 MPH) Brad Brady scores
|
|
Batting: RHB Juan Gallegos
|
0-0: Ball 1-0: Ball 2-0: Called Strike 2-1: Foul Ball, location: 2F 2-2: Strikes out swinging
|
| Top of the 4th over - 2 runs, 1 hit, 0 errors, 1 left on base; Ogden 3 - Johnson City 1 |
| BOTTOM OF THE 4TH |
|
Johnson City Cardinals batting - Pitching for Ogden Raptors : LHP Antonio Sandoval
|
|
Batting: RHB Jonathan Winkler
|
0-0: Foul Ball, location: 2F 0-1: Ball 1-1: Foul Ball, location: 2F 1-2: Strikes out swinging
|
|
Batting: RHB Arnold Schuler
|
0-0: Ball 1-0: Ball 2-0: Foul Ball, location: 2F 2-1: Foul Ball, location: 2F 2-2: Fly out, F8 (Flyball, 8RXD, EV 85.6 MPH)
|
|
Batting: SHB J.T. Ready
|
0-0: Foul Ball, location: 2F 0-1: Swinging Strike 0-2: Strikes out looking
|
| Bottom of the 4th over - 0 runs, 0 hits, 0 errors, 0 left on base; Ogden 3 - Johnson City 1 |
| TOP OF THE 5TH |
|
Ogden Raptors batting - Pitching for Johnson City Cardinals : RHP Steve Holmes
|
|
Batting: LHB Pedro Garza
|
0-0: Ball 1-0: Foul Ball, location: 2F 1-1: Swinging Strike 1-2: Strikes out swinging
|
|
Batting: RHB Felipe Rivera
|
0-0: Ball 1-0: Called Strike 1-1: Foul Ball, location: 2F 1-2: Ball 2-2: Strikes out swinging
|
|
Batting: LHB Fernão Manta
|
0-0: Ball 1-0: Ball 2-0: Foul Ball, location: 2F 2-1: Ball 3-1: Base on Balls
|
|
Batting: RHB Adam Maczko
|
0-0: Foul Ball, location: 2F 0-1: Ball 1-1: Called Strike 1-2: Strikes out looking
|
| Top of the 5th over - 0 runs, 0 hits, 0 errors, 1 left on base; Ogden 3 - Johnson City 1 |
| BOTTOM OF THE 5TH |
|
Johnson City Cardinals batting - Pitching for Ogden Raptors : LHP Antonio Sandoval
|
|
Batting: LHB Pete Mitchell
|
0-0: Called Strike 0-1: SINGLE (Groundball, 4M, EV 96.2 MPH)
|
|
Batting: RHB Dan Wages
|
0-0: Ball 1-0: Ball 2-0: Called Strike 2-1: Called Strike 2-2: Foul Ball, location: 2F 2-2: Ball 3-2: Foul Ball, location: 2F 3-2: Foul Ball, location: 2F 3-2: Foul Ball, location: 2F 3-2: SINGLE (Groundball, 56, EV 97.5 MPH) Pete Mitchell to second Pete Mitchell to third
|
|
Batting: SHB Brad Meyer
|
0-0: Ball 1-0: Called Strike 1-1: Ball 2-1: SINGLE (Line Drive, 8RS, EV 96.9 MPH) Pete Mitchell scores Dan Wages to second
|
|
Batting: LHB Rafael Banda
|
0-0: Called Strike 0-1: Ball 1-1: Ball Wild Pitch! Dan Wages to third Brad Meyer to second 2-1: Swinging Strike 2-2: DOUBLE (Groundball, 5D, EV 109.4 MPH) Dan Wages scores Brad Meyer scores
|
|
Batting: SHB Felipe Campanella
|
0-0: Ball 1-0: Called Strike 1-1: Swinging Strike 1-2: Strikes out swinging
|
|
Batting: RHB Mario Carbajal
|
0-0: Ball 1-0: Called Strike 1-1: Ball 2-1: Fly out, F8 (Flyball, 8RXD, EV 96.2 MPH) Runner from 2nd tags up, SAFE at 3rd, no throw by CF
|
|
Batting: RHB Jonathan Winkler
|
0-0: Ball 1-0: Foul Ball, location: 2F 1-1: Ball 2-1: Called Strike 2-2: Ball 3-2: Strikes out swinging
|
| Bottom of the 5th over - 3 runs, 4 hits, 0 errors, 1 left on base; Ogden 3 - Johnson City 4 |
| TOP OF THE 6TH |
|
Ogden Raptors batting - Pitching for Johnson City Cardinals : RHP Steve Holmes
|
|
Batting: RHB Brad Brady
|
0-0: Called Strike 0-1: Foul Ball, location: 2F 0-2: Ball 1-2: Foul Ball, location: 2F 1-2: Strikes out swinging
|
|
Batting: RHB Gaylord Wray
|
0-0: Ball 1-0: DOUBLE (Line Drive, 78XD, EV 103.1 MPH)
|
|
Batting: SHB Javy Franco
|
0-0: Swinging Strike 0-1: Called Strike 0-2: Ball 1-2: Ball 2-2: Foul Ball, location: 2F 2-2: Ball 3-2: Base on Balls
|
|
Pinch Hitting: SHB Jesus Gomez
|
0-0: Called Strike 0-1: Ball 1-1: Foul Ball, location: 2F 1-2: Strikes out swinging
|
|
Batting: RHB Juan Gallegos
|
0-0: Ball 1-0: Ball 2-0: DOUBLE (Line Drive, 5D, EV 97.5 MPH) Gaylord Wray scores Javy Franco to third
|
|
Batting: LHB Pedro Garza
|
0-0: Ball 1-0: SINGLE (Line Drive, 8RS, EV 106.2 MPH) Javy Franco scores Juan Gallegos to third
|
|
Batting: RHB Felipe Rivera
|
0-0: Called Strike 0-1: Ball 1-1: Fly out, F8 (Flyball, 8LD, EV 83.8 MPH)
|
| Top of the 6th over - 2 runs, 3 hits, 0 errors, 2 left on base; Ogden 5 - Johnson City 4 |
| BOTTOM OF THE 6TH |
|
Johnson City Cardinals batting - Pitching for Ogden Raptors : LHP Antonio Sandoval
|
|
Now in CF: Chad Rojas
|
|
|
Batting: RHB Arnold Schuler
|
0-0: Ball 1-0: Swinging Strike 1-1: Ball 2-1: SINGLE (Line Drive, 6D, EV 103.8 MPH)
|
|
Batting: SHB J.T. Ready
|
0-0: SINGLE (Groundball, 34D, EV 100.0 MPH) Arnold Schuler to second Runner from 2nd tries for 3rd, SAFE, no throw by RF
|
|
Batting: LHB Pete Mitchell
|
0-0: 3-RUN HOME RUN (Flyball, 8RXD, EV 115.6 MPH), Distance : 444 ft
|
|
Pitching: LHP Brian Gardner
|
|
|
Batting: RHB Dan Wages
|
0-0: Ball 1-0: Ball 2-0: Called Strike 2-1: Foul Ball, location: 2F 2-2: Strikes out swinging
|
|
Batting: SHB Brad Meyer
|
0-0: Ball 1-0: Fly out, F7 (Flyball, 78S, EV 92.5 MPH)
|
|
Batting: LHB Rafael Banda
|
0-0: Ball 1-0: Called Strike 1-1: Called Strike 1-2: Foul Ball, location: 2F 1-2: Strikes out swinging
|
| Bottom of the 6th over - 3 runs, 3 hits, 0 errors, 0 left on base; Ogden 5 - Johnson City 7 |
| TOP OF THE 7TH |
|
Ogden Raptors batting - Pitching for Johnson City Cardinals : RHP Steve Holmes
|
|
Pitching: RHP Ricky Enriquez
|
|
|
Batting: LHB Fernão Manta
|
0-0: Ground out U3 (Groundball, 3, EV 84.4 MPH)
|
|
Batting: RHB Adam Maczko
|
0-0: Ball 1-0: Ball 2-0: Foul Ball, location: 2F 2-1: Ball 3-1: Called Strike 3-2: Strikes out swinging
|
|
Batting: RHB Brad Brady
|
0-0: Called Strike 0-1: Called Strike 0-2: Ball 1-2: Ball 2-2: Foul Ball, location: 2F 2-2: SINGLE (Groundball, 6M, EV 103.1 MPH) (infield hit)
|
|
Batting: RHB Gaylord Wray
|
0-0: Ball 1-0: Ball 2-0: Called Strike 2-1: Called Strike 2-2: Ball 3-2: Foul Ball, location: 2F 3-2: Foul Ball, location: 2F 3-2: Strikes out swinging
|
| Top of the 7th over - 0 runs, 1 hit, 0 errors, 1 left on base; Ogden 5 - Johnson City 7 |
| BOTTOM OF THE 7TH |
|
Johnson City Cardinals batting - Pitching for Ogden Raptors : LHP Brian Gardner
|
|
Batting: SHB Felipe Campanella
|
0-0: Fly out, F9 (Flyball, 89M, EV 91.9 MPH)
|
|
Batting: RHB Mario Carbajal
|
0-0: Ball 1-0: Ground out U3 (Groundball, 3S, EV 80.0 MPH)
|
|
Batting: RHB Jonathan Winkler
|
0-0: Ball 1-0: SOLO HOME RUN (Flyball, 9D, EV 96.2 MPH), Distance : 365 ft
|
|
Batting: RHB Arnold Schuler
|
0-0: Called Strike 0-1: Foul Ball, location: 2F 0-2: Foul Ball, location: 2F 0-2: Foul Ball, location: 2F 0-2: DOUBLE (Flyball, 9LD, EV 107.5 MPH)
|
|
Batting: SHB J.T. Ready
|
0-0: Ball 1-0: Called Strike 1-1: Called Strike 1-2: Ball 2-2: Ball 3-2: Foul Ball, location: 2F 3-2: SINGLE (Groundball, 56S, EV 70.0 MPH) (infield hit) Arnold Schuler to third
|
|
Pitching: RHP Chris Moody
|
|
|
Batting: LHB Pete Mitchell
|
0-0: Called Strike 0-1: Fielders Choice at 2nd, 5-4 (Groundball, 56, EV 106.2 MPH)
|
| Bottom of the 7th over - 1 run, 3 hits, 0 errors, 2 left on base; Ogden 5 - Johnson City 8 |
| TOP OF THE 8TH |
|
Ogden Raptors batting - Pitching for Johnson City Cardinals : RHP Ricky Enriquez
|
|
Batting: SHB Javy Franco
|
0-0: Called Strike 0-1: Ball 1-1: Ball 2-1: Called Strike 2-2: Ball 3-2: Foul Ball, location: 2F 3-2: Base on Balls
|
|
Pinch Hitting: SHB Alex Noval
|
0-0: Foul Ball, location: 2F 0-1: Ball 1-1: SINGLE (Line Drive, 5D, EV 95.0 MPH) Javy Franco to second
|
|
Batting: RHB Juan Gallegos
|
0-0: Ball 1-0: Ball 2-0: Called Strike 2-1: Grounds into double play, 6-4-3 (Groundball, 56D, EV 90.0 MPH) Javy Franco to third
|
|
Batting: LHB Pedro Garza
|
0-0: Foul Ball, location: 2F 0-1: Swinging Strike 0-2: Strikes out swinging
|
| Top of the 8th over - 0 runs, 1 hit, 0 errors, 1 left on base; Ogden 5 - Johnson City 8 |
| BOTTOM OF THE 8TH |
|
Johnson City Cardinals batting - Pitching for Ogden Raptors : RHP Chris Moody
|
|
Now in CF: Alex Noval
|
|
|
Batting: RHB Dan Wages
|
0-0: Ball 1-0: Ball 2-0: Foul Ball, location: 2F 2-1: Ball 3-1: Base on Balls
|
|
Batting: SHB Brad Meyer
|
0-0: Ball Dan Wages steals 2nd, throwing error, E2 Dan Wages to third 1-0: Ball 2-0: Foul Ball, location: 2F 2-1: Swinging Strike 2-2: Ball 3-2: Strikes out swinging
|
|
Batting: LHB Rafael Banda
|
0-0: Intentional Walk
|
|
Batting: SHB Felipe Campanella
|
0-0: Ball Rafael Banda is caught stealing 2nd base 2-6 1-0: DOUBLE (Flyball, 78D, EV 95.6 MPH) Dan Wages scores
|
|
Batting: RHB Mario Carbajal
|
0-0: Ball 1-0: Ground out 5-3 (Groundball, 5S, EV 74.4 MPH)
|
| Bottom of the 8th over - 1 run, 1 hit, 1 error, 1 left on base; Ogden 5 - Johnson City 9 |
| TOP OF THE 9TH |
|
Ogden Raptors batting - Pitching for Johnson City Cardinals : RHP Ricky Enriquez
|
|
Batting: RHB Felipe Rivera
|
0-0: Ball 1-0: Ball 2-0: Called Strike 2-1: Called Strike 2-2: Foul Ball, location: 2F 2-2: Ground out 5-3 (Groundball, 56S, EV 83.1 MPH)
|
|
Batting: LHB Fernão Manta
|
0-0: Swinging Strike 0-1: Ball 1-1: Ball 2-1: Foul Ball, location: 2F 2-2: Strikes out swinging
|
|
Batting: RHB Adam Maczko
|
0-0: Ball 1-0: Called Strike 1-1: Foul Ball, location: 2F 1-2: Strikes out looking
|
| Top of the 9th over - 0 runs, 0 hits, 0 errors, 0 left on base; Ogden 5 - Johnson City 9 |
|